 Dungeon Crawl Stone Soup version 0.18-a0-1-gfac8111 (webtiles) character file.

7596 Duffy the Geomancer (level 11, 0/60 HPs)
             Began as a Vine Stalker Earth Elementalist on Oct 30, 2015.
             Was a High Priest of Cheibriados.
             Slain by Maud
             ... wielding a +3 halberd
              (34 damage)
             ... on level 10 of the Dungeon.
             The game lasted 00:19:01 (10447 turns).

Duffy the Geomancer (VSEE)                         Turns: 10447, Time: 00:19:01

Health: 0/60       AC: 10    Str: 24    XL:     11   Next: 17%
Magic:  0/18       EV: 21    Int: 27    God:    Cheibriados [*****.]
Gold:   342        SH:  0    Dex: 29    Spells: 5 memorised, 3 levels left

rFire  . . .     SeeInvis .     a - 210 stones
rCold  . . .     Clarity  .     g - +2 robe {MR+}
rNeg   . . .     SustAt   .     (no shield)
rPois  .         Gourm    .     x - +0 helmet
rElec  .         Spirit   +     Y - +2 cloak {+Inv}
rCorr  .         Warding  .     S - +1 pair of gloves
rMut   .         Stasis   .     (no boots)
MR     ++...                    (no amulet)
Stlth  +++.......               (no ring)
                                (no ring)

@: studying Stealth, very slow, very resistant to hostile enchantments, fairly
stealthy
A: fangs 3, regeneration 2, magic shield, antimagic bite, no device heal 3, rot
immunity
a: Bend Time, Temporal Distortion, Slouch, Step From Time, Renounce Religion,
Evoke Invisibility


You were on level 10 of the Dungeon.
You worshipped Cheibriados.
Cheibriados was extremely pleased with you.
You were not hungry.

You visited 2 branches of the dungeon, and saw 11 of its levels.

You collected 504 gold pieces.
You spent 162 gold pieces at shops.


Innate Abilities, Weirdness & Mutations

You have razor-sharp teeth.
You heal very quickly.
When hurt, damage is shared between your health and your magic reserves.
Your bite disrupts and absorbs the magic of your enemies.
Potions and wands cannot restore your health.
You are immune to rotting.


   Skills:
 + Level 8.9 Fighting
 + Level 7.6 Dodging
 - Level 2.4 Stealth
 - Level 4.5 Spellcasting
 - Level 1.0 Transmutations
 - Level 10.4 Earth Magic


You had 3 spell levels left.
You knew the following spells:

 Your Spells              Type           Power        Failure   Level  Hunger
a - Sandblast             Erth           ######       1%          1    None
c - Stone Arrow           Conj/Erth      ####..       2%          3    ##.....
e - Lee's Rapid Deconstr  Erth           ######....   2%          5    #####..
r - Petrify               Trmt/Erth      #####...     10%         4    ####...
P - Passwall              Trmt/Erth      #####.....   2%          3    ##.....

Inventory:

Hand Weapons
 w - a +1 dagger of venom
 J - a +2 war axe of flaming
 U - a +1 battleaxe
Missiles
 a - 210 stones (in hand)
 r - 188 arrows
 v - 13 arrows of dispersal
 A - 11 sling bullets of frost
 H - 9 arrows of frost
 N - 13 arrows of flame
 P - 13 tomahawks (quivered)
Armour
 g - a +2 robe of magic resistance (worn)
 h - a +1 pair of gloves of archery
 x - a +0 helmet (worn)
 S - a +1 pair of gloves (worn)
 Y - a +2 cloak of invisibility (worn)
 Z - a +0 ring mail
Magical Staves
 t - an uncursed staff of fire
Wands
 L - a wand of cold (3)
 X - a wand of frost (23)
Scrolls
 f - 2 scrolls of blinking
 i - 2 scrolls of fog
 j - 7 scrolls of remove curse
 l - 4 scrolls of enchant armour
 m - 2 scrolls of magic mapping
 n - 3 scrolls of teleportation
 u - 5 scrolls of immolation
 y - 2 scrolls of recharging
 B - 2 scrolls of amnesia {unknown}
 F - 2 scrolls of enchant weapon {unknown}
 Q - a scroll of noise {unknown}
 V - a scroll of fear {unknown}
Potions
 e - 4 potions of might
 q - 6 potions of curing
 E - a potion of degeneration
 G - 3 potions of lignification
 R - a potion of agility {unknown}
 W - a potion of resistance
Books
 b - a manual of Stealth
 c - a book of Geomancy
 I - a book of the Dragon
Miscellaneous
 o - a plain deck of changes
 C - a plain deck of defence
Comestibles
 d - 6 bread rations
 k - a slice of pizza
 s - 3 beef jerkies
 z - 5 fruits
 D - 3 meat rations
 O - 2 royal jellies

Dungeon Overview and Level Annotations

Branches:
Dungeon (10/15)            Temple (1/1) D:4             Orc (0/4) D:9
   Lair: D:8-11

Altars:
Ashenzari
Cheibriados
Dithmenos
Elyvilon
Fedhas
Gozag
Kikubaaqudgha
Makhleb
Nemelex Xobeh
Okawaru
Qazlal
Ru
Sif Muna
Trog
Vehumet
Xom
Yredelemnul
Zin
The Shining One

Shops:
D:5 ?[

Annotations:
D:10 Maud


Message History

Aim: Maud, wielding an enchanted halberd and wearing a plate armour The rocky blast hits Maud.
Maud is moderately wounded.
Maud hits you from afar with an enchanted halberd!!
Cast which spell? (? or * to list)
Aiming: Stone Arrow
Press: ? - help, Shift-Dir - straight line, f/p - Maud
Aim: Maud, wielding an enchanted halberd and wearing a plate armour (moderately wounded)
The stone arrow hits Maud.
Maud is moderately wounded.
Cast which spell? (? or * to list)
Aiming: Stone Arrow
Press: ? - help, Shift-Dir - straight line, f/p - Maud
Aim: Maud, wielding an enchanted halberd and wearing a plate armour (moderately wounded)
The stone arrow hits Maud.
Maud is moderately wounded.
Maud hits you from afar with an enchanted halberd!
Cast which spell? (? or * to list)
Aiming: Stone Arrow
Press: ? - help, Shift-Dir - straight line, f/p - Maud
Aim: Maud, wielding an enchanted halberd and wearing a plate armour (moderately wounded)
The stone arrow hits Maud.
Maud is heavily wounded.
Maud drinks a potion.
Maud seems to grow stronger.
Cast which spell? (? or * to list)
You don't have enough magic to cast that spell.
Cast which spell? (? or * to list)
Aiming: Sandblast
Press: ? - help, Shift-Dir - straight line, f/p - Maud
Aim: Maud, wielding an enchanted halberd and wearing a plate armour (heavily wounded, unusually strong)
The rocky blast hits Maud.
Maud is heavily wounded.
Maud hits you from afar with an enchanted halberd!!
Ouch! That really hurt!
You die...

#....<.....# #.# ##'###
###'######## ##.# #.# #......#
#..# #.## ######.## #.## #..#
#..# ##.####### ##.# ##.#
#........# ####.## ######'###
#........####......
..........###...........#......
..........'...@......##........
....(.....###........####.)....
..........# #.@......# #......
########+## #........# #......
##.####### #...... #.. ####.##
###. #..# . ##.. ##.


You could see Maud.

Action                   |  1- 3 |  4- 6 |  7- 9 | 10-12 || total
-------------------------+-------+-------+-------+-------++-------
Melee: Spear             |   121 |       |       |       ||   121
       Dagger            |    17 |   186 |   268 |   277 ||   748
Throw: Stone             |       |       |     1 |       ||     1
       Tomahawk          |       |       |     2 |       ||     2
 Cast: Sandblast         |    10 |    13 |    56 |    50 ||   129
       Stone Arrow       |       |       |       |     3 ||     3
  Use: Scroll            |     5 |       |     7 |     2 ||    14
 Stab: Sleeping          |     3 |     8 |     6 |     4 ||    21
       Distracted        |       |     1 |       |     1 ||     2
  Eat: Chunk             |     2 |     6 |    10 |     7 ||    25

Notes
Turn   | Place    | Note
--------------------------------------------------------------
     0 | D:1      | Duffy the Vine Stalker Earth Elementalist began the quest for the Orb.
     0 | D:1      | Reached XP level 1. HP: 9/9 MP: 4/4
   222 | D:1      | Reached XP level 2. HP: 11/13 MP: 6/6
   801 | D:2      | Found a sparkling altar of Nemelex Xobeh.
   854 | D:2      | Reached skill level 3 in Spellcasting
   854 | D:2      | Reached XP level 3. HP: 9/16 MP: 1/8
   965 | D:2      | Found a faded altar to an unknown god.
  1005 | D:2      | Learned a level 3 spell: Passwall
  1009 | D:2      | Learned a level 3 spell: Stone Arrow
  1402 | D:2      | Reached XP level 4. HP: 18/21 MP: 8/10
  1554 | D:2      | Reached skill level 4 in Earth Magic
  1619 | D:2      | Found an ancient bone altar of Kikubaaqudgha.
  1619 | D:2      | Noticed a vampire bat
  1620 | D:2      | Noticed a vampire bat
  1689 | D:2      | Killed a vampire bat
  1697 | D:2      | Killed a vampire bat
  1697 | D:2      | Reached skill level 4 in Spellcasting
  1697 | D:2      | Reached XP level 5. HP: 10/24 MP: 10/12
  2252 | D:3      | Noticed Duffy's ghost (weakling SpEE)
  2299 | D:3      | Noticed a sky beast
  2310 | D:3      | Killed a sky beast
  2310 | D:3      | Reached skill level 1 in Fighting
  2310 | D:3      | Reached skill level 5 in Earth Magic
  2310 | D:3      | Gained mutation: You heal very quickly. [Vine Stalker growth]
  2310 | D:3      | Reached XP level 6. HP: 26/30 MP: 11/13
  2368 | D:3      | Killed Duffy's ghost
  2595 | D:3      | Noticed Robin
  2696 | D:3      | Killed Robin
  3031 | D:3      | Reached skill level 2 in Fighting
  3284 | D:4      | Found a shadowy altar of Dithmenos.
  3456 | D:4      | Found a staircase to the Ecumenical Temple.
  3476 | D:4      | Reached XP level 7. HP: 8/35 MP: 4/14
  3587 | Temple   | Entered the Ecumenical Temple
  3685 | Temple   | Became a worshipper of Cheibriados the Contemplative
  3782 | D:4      | Noticed Dowan
  3795 | D:4      | Noticed Duvessa
  3807 | D:4      | Killed Duvessa
  3807 | D:4      | Reached skill level 3 in Fighting
  3807 | D:4      | Reached skill level 6 in Earth Magic
  3812 | D:4      | Killed Dowan
  4081 | D:4      | Found an opulent altar of Gozag.
  4455 | D:4      | Noticed Crazy Yiuf
  4460 | D:4      | Killed Crazy Yiuf
  4819 | D:5      | Entered Level 5 of the Dungeon
  4834 | D:5      | Reached skill level 2 in Dodging
  4845 | D:5      | Found a white marble altar of Elyvilon.
  4916 | D:5      | Gained mutation: You have razor-sharp teeth. [Vine Stalker growth]
  4916 | D:5      | Reached XP level 8. HP: 35/42 MP: 13/15
  4942 | D:5      | Noticed Blork the orc
  4959 | D:5      | Killed Blork the orc
  4959 | D:5      | Reached skill level 4 in Fighting
  5009 | D:5      | Noticed Pikel
  5033 | D:5      | Killed Pikel
  5033 | D:5      | Reached skill level 8 in Earth Magic
  5243 | D:5      | Reached * piety under Cheibriados
  5286 | D:5      | Reached skill level 9 in Earth Magic
  5331 | D:5      | Found a basalt altar of Yredelemnul.
  5434 | D:5      | Reached XP level 9. HP: 34/45 MP: 16/16
  5527 | D:5      | Noticed Grinder
  5537 | D:5      | Killed Grinder
  5587 | D:5      | Found Heqis's Magic Scroll Shoppe.
  5595 | D:5      | Bought a scroll of identify for 26 gold pieces
  5595 | D:5      | Bought a scroll of identify for 26 gold pieces
  5595 | D:5      | Bought a scroll of identify for 26 gold pieces
  5595 | D:5      | Bought a scroll of identify for 26 gold pieces
  5595 | D:5      | Bought a scroll of magic mapping for 45 gold pieces
  5595 | D:5      | Bought a scroll of random uselessness for 13 gold pieces
  5775 | D:5      | Reached skill level 10 in Earth Magic
  6076 | D:5      | Found Cuvyonn's Antique Armour Shoppe.
  6101 | D:5      | Found a shattered altar of Ashenzari.
  6388 | D:6      | Reached skill level 3 in Dodging
  6390 | D:6      | Reached ** piety under Cheibriados
  6753 | D:6      | Found a stormy altar of Qazlal.
  6946 | D:6      | Reached skill level 5 in Fighting
  6968 | D:6      | Reached skill level 4 in Dodging
  7311 | D:7      | Found a deep blue altar of Sif Muna.
  7462 | D:7      | Reached XP level 10. HP: 48/53 MP: 17/17
  7537 | D:7      | Found a bloodstained altar of Trog.
  7682 | D:7      | Found a radiant altar of Vehumet.
  7724 | D:7      | Learned a level 5 spell: Lee's Rapid Deconstruction
  7729 | D:7      | Learned a level 4 spell: Petrify
  7768 | D:8      | Reached *** piety under Cheibriados
  7805 | D:8      | Reached skill level 6 in Fighting
  7895 | D:8      | Found a sparkling altar of Nemelex Xobeh.
  7919 | D:8      | Reached skill level 5 in Dodging
  8126 | D:8      | Found a glowing silver altar of Zin.
  8440 | D:8      | Reached **** piety under Cheibriados
  8487 | D:8      | Noticed Maurice
  8514 | D:8      | Killed Maurice
  8646 | D:8      | Reached skill level 7 in Fighting
  9184 | D:9      | Found a stormy altar of Qazlal.
  9432 | D:9      | Reached skill level 6 in Dodging
  9453 | D:9      | Reached ***** piety under Cheibriados
  9479 | D:9      | Found a staircase to the Orcish Mines.
  9871 | D:10     | Entered Level 10 of the Dungeon
 10037 | D:10     | Reached skill level 8 in Fighting
 10203 | D:10     | Noticed Psyche
 10203 | D:10     | Noticed a hill giant
 10212 | D:10     | Killed a hill giant
 10212 | D:10     | Reached skill level 7 in Dodging
 10212 | D:10     | Reached XP level 11. HP: 58/60 MP: 10/18
 10213 | D:10     | Killed Psyche
 10441 | D:10     | Noticed Maud
 10447 | D:10     | Slain by Maud

Vault maps used:
D:1:      lightli_arrival_isolated_outpost
D:2:      kennysheep_vampire_church, nemelex_deck, ecumenical_altar_2
D:3:      kennysheep_goblin_castle, first_bread
D:4:      nicolae_gozag_seed_capital, lemuel_doored_altar,
          minmay_temple_entry_butterflies, uniq_crazy_yiuf_cottage, uniq_duvessa
D:5:      black_bear_nest_1, kennysheep_ying_yang, basic_altar, serial_shops,
          nicolae_shop_statue_plus, nicolae_shop_waterfront, uniq_pikel,
          uniq_grinder, uniq_blork_the_orc
D:6:      basic_altar
D:7:      lemuel_round_altar, lightli_temple_of_fire, vehumet_altar_wand_db
D:8:      kennysheep_little_box, nemelex_diamond_rough_becter, uniq_maurice
D:9:      grunt_qazlal_sundering, hiddenorc1_lemuel
D:10:     uniq_psyche, uniq_maud
Temple:   circular_temple_pool_8

Vanquished Creatures
  A hill giant Pikel Maurice Psyche
  A troll Grinder
  2 centaurs
  6 yaks
  A hungry ghost
  An orc warrior Duvessa
  7 sky beasts
  3 ice beasts
  2 phantoms
  A black bear
  3 slaves
  2 ogres
  5 giant frogs Blork the orc
  A crocodile
  A wyvern zombie Dowan
  A water moccasin zombie
  A scorpion
  4 wights
  2 vampire bats
  4 killer bees
  6 crimson imps
  2 jellies
  2 quasits
  A giant frog skeleton
  The ghost of Duffy the Digger, a weakling SpEE
  8 hounds Crazy Yiuf
  2 centaur skeletons
  3 orc wizards
  7 iguanas
  6 worker ants
  A hound skeleton
  2 hound zombies Robin
  12 adders
  3 gnolls
  A shadow imp
  2 oozes
  An adder skeleton
  5 worms
  9 giant geckos
  27 orcs
  3 bat skeletons
  3 bat zombies
  9 giant cockroaches
  7 hobgoblins
  15 jackals
  7 quokkas
  2 ball pythons
  8 bats
  A giant cockroach zombie
  2 giant gecko zombies
  9 giant newts
  24 goblins
  A jackal skeleton
  A jackal zombie
  4 kobolds
  11 rats
  A fungus
267 creatures vanquished.
